 Dungeon Crawl Stone Soup version 0.21.1 (webtiles) character file.

120 Jannitor the Shooter (level 5, -4/32 HPs)
             Began as a Tengu Hunter on Feb 4, 2018.
             Killed by nerve-wracking pain
             ... invoked by an orc priest
              (8 damage)
             ... on level 3 of the Dungeon.
             The game lasted 00:03:51 (1663 turns).

Jannitor the Shooter (Tengu Hunter)                 Turns: 1663, Time: 00:03:51

Health: -4/32      AC:  3    Str: 13    XL:     5   Next: 4%
Magic:  15/15      EV: 13    Int: 12    God:
Gold:   85         SH:  0    Dex: 14    Spells: 4/4 levels left

rFire    . . .     SeeInvis .   a - +1 shortbow
rCold    . . .     Gourm    .   (shield currently unavailable)
rNeg     . . .     Faith    .   c - +0 leather armour
rPois    .         Spirit   .   (helmet restricted)
rElec    .         Reflect  .   (no cloak)
rCorr    .         Harm     .   (no gloves)
MR       .....                  (boots unavailable)
Stlth    +.........             (no amulet)
HPRegen  0.10/turn              m - ring of magical power
MPRegen  0.14/turn              (no ring)

@: no status effects
A: beak, talons 3, able to fly 1
a: Fly


You were on level 3 of the Dungeon.
You were very hungry.

You visited 1 branch of the dungeon, and saw 3 of its levels.

You collected 85 gold pieces.

Inventory:

Hand Weapons
 a - a +1 shortbow (weapon)
 b - a +0 short sword
Armour
 c - a +0 leather armour (worn)
Jewellery
 m - a ring of magical power (left hand)
Scrolls
 e - a scroll of noise {unknown}
 g - 2 scrolls of identify {unknown}
 h - 2 scrolls of teleportation {unknown}
 i - 3 scrolls of amnesia {unknown}
 k - a scroll of enchant weapon {unknown}
 l - a scroll of fear {unknown}
 o - 2 scrolls of remove curse {unknown}
 p - a scroll of blinking {unknown}
 s - a scroll of immolation {unknown}
Potions
 j - a potion of curing {unknown}
 n - 3 potions of flight {unknown}
 q - a potion of brilliance {unknown}
 r - a potion of degeneration {unknown}
Comestibles
 f - 10 rations


   Skills:
 + Level 3.1 Fighting
 + Level 5.2 Bows
 + Level 1.2 Armour
 + Level 3.5 Dodging
 - Level 1.0 Stealth


You had 4 spell levels left.
You didn't know any spells.

Dungeon Overview and Level Annotations

Branches:
Dungeon (3/15)

Altars:


Innate Abilities, Weirdness & Mutations

You have a beak for a mouth.
You have claws for feet.
You can fly.


Message History

The orc priest is almost dead.
The orc priest invokes the aid of Beogh against you.
Beogh smites you!
* * * LOW HITPOINT WARNING * * *
Unknown command.
You are too injured to fight recklessly!
Firing (i - inventory. (,) - cycle):
d - an arrow (quivered)
Press: ? - help, Shift-Dir - straight line, f/p - orc priest
Aim: an orc priest, wielding a dagger and wearing a chain mail (almost dead)
You shoot an arrow. The arrow barely misses the orc priest.
The orc priest barely misses you.
Throwing (i - inventory):
t - a throwing net (quivered)
Press: ? - help, Shift-Dir - straight line, f/p - orc priest
Aim: an orc priest, wielding a dagger and wearing a chain mail (almost dead)
You throw a throwing net. The throwing net hits the orc priest.
The orc priest is caught in the net!
The orc priest is almost dead.
The orc priest invokes the aid of Beogh against you.
Pain shoots through your body!
You die...

#... #. #...
(##..####
(.(.(.(#
(.....#.#
#######.(....(.
.........((....
####.#.<#o#
.###.......#@#
..........).^#
.............#
.............#
.............#
###+##'#.(#.#
#.........#...
#...).....##....
#.<).....(.+.....


You could see an orc priest (caught).

Vanquished Creatures
  An orc priest (D:3)
  2 adders
  An ooze (D:2)
  A worm (D:2)
  3 dart slugs (D:1)
  A leopard gecko (D:1)
  5 orcs
  A giant cockroach (D:2)
  5 hobgoblins
  2 jackals (D:3)
  11 kobolds
  A quokka (D:2)
  A ball python (D:1)
  3 bats
  6 frilled lizards
  4 goblins
  5 rats
53 creatures vanquished.

Notes
Turn   | Place    | Note
-------+----------+-------------------------------------------
     0 | D:1      | Jannitor the Tengu Hunter began the quest for the Orb.
     0 | D:1      | Reached XP level 1. HP: 12/12 MP: 2/2
   181 | D:1      | Reached XP level 2. HP: 17/17 MP: 3/3
   421 | D:1      | Reached XP level 3. HP: 22/22 MP: 4/4
   883 | D:2      | Reached skill level 5 in Bows
   907 | D:2      | Reached XP level 4. HP: 27/27 MP: 5/5
  1659 | D:3      | Reached skill level 1 in Armour
  1659 | D:3      | Gained mutation: You can fly. [Tengu growth]
  1659 | D:3      | Reached XP level 5. HP: 18/32 MP: 6/6
  1663 | D:3      | Killed from afar by an orc priest

Skill      XL: |  1  2  3  4 |
---------------+-------------+-----
Dodging        | 3 |  3.5
Bows           | 5 |  5.2
Fighting       | 3 |  3.1
Armour         | 1 |  1.2
Stealth        | |  1.0

Action                   |  1- 3 |  4- 6 || total
-------------------------+-------+-------++-------
 Fire: Shortbow          |    77 |    67 ||   144
Throw: Throwing net      |       |     1 ||     1
  Eat: Chunk             |       |     1 ||     1
Armor: Leather armour    |     6 |     2 ||     8
Dodge: Dodged            |    15 |    12 ||    27
